 Dungeon Crawl Stone Soup version 0.18.1-5-g4a78601 (webtiles) character file.

84 oplop the Chiller (level 4, -6/29 HPs)
             Began as an Octopode Ice Elementalist on May 13, 2016.
             Killed by divine providence
             ... invoked by an orc priest
              (16 damage)
             ... on level 3 of the Dungeon.
             The game lasted 00:02:48 (1727 turns).

oplop the Chiller (Octopode Ice Elementalist)       Turns: 1727, Time: 00:02:48

Health: -6/29      AC:  1    Str:  7    XL:     4   Next: 46%
Magic:  8/8        EV: 12    Int: 18    God:
Gold:   98         SH:  0    Dex: 12    Spells: 3 memorised, 2 levels left

rFire  . . .     SeeInvis .     c - +3 dagger
rCold  . . .     Gourm    .     (no shield)
rNeg   . . .     Faith    .     (helmet restricted)
rPois  .         Spirit   .     (no amulet)
rElec  .         Dismiss  .     (no ring)
rCorr  .         Reflect  .     (no ring)
SustAt .         Harm     .     (no ring)
MR     .....                    (no ring)
Stlth  +++.......               (no ring)
                                (no ring)
                                (no ring)
                                (no ring)

@: not resistant to hostile enchantments, fairly stealthy
A: almost no armour, amphibious, 8 rings, constrict 8, camouflage 1, gelatinous
body 1
a: no special abilities


You were on level 3 of the Dungeon.
You were not hungry.

You visited 1 branch of the dungeon, and saw 3 of its levels.

You collected 98 gold pieces.

Inventory:

Hand Weapons
 c - a +3 dagger (weapon)
Missiles
 l - 11 tomahawks (quivered)
Scrolls
 f - a scroll of enchant weapon {unknown}
 k - 2 scrolls of remove curse {unknown}
 m - a scroll of fear {unknown}
 o - 2 scrolls of identify {unknown}
Potions
 d - a potion of haste {unknown}
 e - a potion of degeneration {unknown}
 h - 2 potions of curing {unknown}
 i - a potion of agility {unknown}
 j - a potion of flight {unknown}
 q - a potion of cancellation {unknown}
Books
 a - a book of Frost

   Spells                             Type                      Level
   a - Freeze                         Ice                          1
   b - Throw Frost                    Conjuration/Ice              2
   c - Ozocubu's Armour               Charms/Ice                   3
   d - Throw Icicle                   Conjuration/Ice              4
   e - Summon Ice Beast               Ice/Summoning                4
Comestibles
 b - a bread ration
 g - 2 beef jerkies
 n - a royal jelly
 p - 4 chunks of flesh


   Skills:
 + Level 2.0 Fighting
 - Level 2.0 Dodging
 - Level 2.6 Stealth
 + Level 2.8 Spellcasting
 - Level 1.0 Conjurations
 + Level 3.9 Ice Magic


You had 2 spell levels left.
You knew the following spells:

 Your Spells              Type           Power        Failure   Level  Hunger
a - Freeze                Ice            ###.         3%          1    None
b - Throw Frost           Conj/Ice       ##....       12%         2    ##.....
c - Ozocubu's Armour      Chrm/Ice       #.......     24%         3    ###....


Dungeon Overview and Level Annotations

Branches:
Dungeon (3/15)

Altars:
Okawaru


Innate Abilities, Weirdness & Mutations

You cannot wear most types of armour.
You are amphibious.
You can wear up to eight rings at the same time.
You can use your tentacles to constrict eight enemies at once.
Your skin changes colour to match your surroundings (Stealth).
Your rubbery body absorbs attacks (AC +1).


Message History

p - 4 chunks of flesh (gained 2)
You see here a short sword.
Things that are here:
a hand axe; a ring mail; an orc corpse
There is a stone staircase leading down here.
You climb downwards.
There is a stone staircase leading up here.
A giant newt comes into view.
An orc priest comes into view.
It is wielding an enchanted whip. 2 orcs come into view.
The orc shouts!
An orc comes into view. It is wielding a hand axe.
The orc priest shouts!
The orc shouts!
The orc priest mumbles some strange prayers to Beogh against you.
Beogh smites you!
The orc priest invokes the aid of Beogh against you.
Beogh smites you!
Ouch! That really hurt!
You die...

.>.........# .
#o.o.......##
#...........#
#...........#
#..o........#
#............ ###
#..........# ####.#
#....l.....# #....#
#...<@.....# #....#
#..........# #....#
##########..........#
#..[.##
#.<.............[...#
#......
#............####.###
#.....#
#...................#
#...#.#
#................##.#
#.###.#
#................##.#
#.....#
#..........).....##.#
####...


You could see an orc priest, 2 orcs and a giant newt.

Vanquished Creatures
  2 adders (D:2)
  An ooze (D:2)
  A worm (D:2)
  A giant gecko (D:1)
  3 orcs
  A ball python (D:2)
  2 giant cockroaches
  10 goblins
  7 hobgoblins
  4 jackals (D:2)
  12 bats
  3 giant newts
  5 kobolds
  A rat (D:1)
53 creatures vanquished.

Notes
Turn   | Place    | Note
--------------------------------------------------------------
     0 | D:1      | oplop the Octopode Ice Elementalist began the quest for the Orb.
     0 | D:1      | Reached XP level 1. HP: 11/11 MP: 3/3
   105 | D:1      | Reached skill level 1 in Fighting
   106 | D:1      | Reached XP level 2. HP: 10/18 MP: 0/5
   302 | D:2      | Reached XP level 3. HP: 11/23 MP: 2/6
   388 | D:2      | Found a faded altar to an unknown god.
   812 | D:2      | Found an iron altar of Okawaru.
   939 | D:1      | Reached XP level 4. HP: 29/29 MP: 7/7
  1547 | D:3      | Learned a level 2 spell: Throw Frost
  1551 | D:3      | Learned a level 3 spell: Ozocubu's Armour
  1727 | D:3      | Killed from afar by an orc priest

Skill      XL: |  1  2  3  4 |
---------------+-------------+-----
Fighting       | 1 2 |  2.0
Dodging        | |  2.0
Stealth        | |  2.6
Spellcasting   | |  2.8
Conjurations   | |  1.0
Ice Magic      | |  3.9

Action                   |  1- 3 |  4- 6 || total
-------------------------+-------+-------++-------
Melee: Unarmed           |     8 |       ||     8
       Constrict         |    10 |     7 ||    17
       Dagger            |    38 |    43 ||    81
       Tentacles         |     5 |     4 ||     9
 Cast: Freeze            |    16 |     3 ||    19
       Throw Frost       |       |     1 ||     1
 Stab: Sleeping          |     8 |     4 ||    12
  Eat: Chunk             |       |     3 ||     3
Armor: Skin              |     9 |    10 ||    19
Dodge: Dodged            |    41 |    33 ||    74
